 Dungeon Crawl Stone Soup version 0.29.1-12-g30fa7ad0bf (webtiles) character file.

Game seed: 16894315578433563711

151 mopl the Stinger (level 5, -7/37 HPs)
             Began as a Formicid Venom Mage on Jan 16, 2023.
             Mangled by an ogre
             ... wielding a +0 giant club
              (12 damage)
             ... on level 4 of the Dungeon.
             The game lasted 00:02:46 (1867 turns).

mopl the Stinger (Formicid Venom Mage)              Turns: 1867, Time: 00:02:47

Health: -7/37      AC:  3    Str: 14    XL:     5   Next: 59%
Magic:  4/9        EV: 12    Int: 15    God:
Gold:   75         SH:  0    Dex: 14    Spells: 5/10 levels left

rFire   . . .      SeeInvis +   d - +2 dagger (venom)
rCold   . . .      Faith    .   (no shield)
rNeg    . . .      Spirit   .   a - +0 robe
rPois   .          Reflect  .   (helmet unavailable)
rElec   .          Harm     .   (no cloak)
rCorr   .          Rampage  .   (no gloves)
Will    .....                   h - +0 pair of boots
Stlth   ++........              (no amulet)
HPRegen 0.12/turn               (no ring)
MPRegen 0.11/turn               (no ring)

@: no status effects
A: permanent stasis, dig shafts and tunnels, antennae 3, four strong arms
a: Dig, Shaft Self


You were on level 4 of the Dungeon.
You visited 1 branch of the dungeon, and saw 3 of its levels.

You collected 75 gold pieces.

Inventory:

Hand Weapons
 d - a +2 dagger of venom (weapon)
Armour
 a - a +0 robe (worn)
 h - a +0 pair of boots (worn)
Scrolls
 e - a scroll of vulnerability {unknown}
 f - a scroll of poison {unknown}
 g - a scroll of brand weapon {unknown}
 j - a scroll of fog {unknown}
 k - 2 scrolls of enchant armour {unknown}
 l - a scroll of teleportation {unknown}
 m - 2 scrolls of identify {unknown}
Potions
 b - a potion of magic
 c - 2 potions of curing {unknown}
 i - 2 potions of brilliance {unknown}
 n - a potion of lignification {unknown}


   Skills:
 + Level 1.6 Fighting
 + Level 1.6 Armour
 + Level 2.4 Dodging
 - Level 2.4 Stealth
 - Level 3.0 Spellcasting
 - Level 1.1 Transmutations
 * Level 5.9 Poison Magic


You had 5 spell levels left.
You knew the following spells:

 Your Spells              Type           Power      Damage    Failure   Level
a - Sting                 Tmut/Pois      48%        1d5       4%          1
o - Olgreb's Toxic Radia  Pois           19%        N/A       19%         4

Your spell library contained the following spells:

 Spells                   Type           Power      Damage    Failure   Level
 Poisonous Vapours        Pois/Air       22%        N/A       9%          2
 Summon Small Mammal      Summ           8%         N/A       21%         1
 Mephitic Cloud           Conj/Pois/Air  8%         N/A       26%         3
 Call Canine Familiar     Summ           2%         N/A       52%         3
 Summon Guardian Golem    Hex/Summ       2%         N/A       52%         3


Dungeon Overview and Level Annotations

Branches:
Dungeon (2/15)

Altars:


Innate Abilities, Weirdness & Mutations

You cannot be hasted, slowed, berserked, paralysed or teleported.
You can dig through walls and to a lower floor.
You have a pair of large antennae on your head. (SInv)
Your four strong arms can wield two-handed weapons with a shield.


Message History

The sting hits the endoplasm.
The endoplasm partially resists.
The endoplasm is poisoned.
The endoplasm is moderately wounded.
The endoplasm jiggles.
The endoplasm hits you.
You hit the endoplasm.
You kill the endoplasm!
No target in view!
You start resting.
Magic restored.
You start resting.
HP restored.
c - 2 glowing white potions (gained 1)
m - 2 scrolls labelled ZOYCVO ZINU (gained 1)
You sense a monster nearby.
An ogre comes into view. It is wielding a +0 giant club.
There is an open door here.
Casting: Sting (safe; 4% risk of failure)
Confirm with . or Enter, or press ? or * to list all spells.
The spell is quite dangerous to miscast (19% risk of failure)!
Continue anyway?
You begin to radiate toxic energy.
The ogre shouts!
The ogre is poisoned.
Your toxic aura wanes.
You can't see any susceptible monsters within range! (Use Z to cast anyway.)
The sting hits the ogre.
The ogre looks even sicker.
The ogre is moderately wounded.
The sting misses the ogre.
An orc comes into view. It is wielding a +0 flail.
The ogre attacks as you move away! The ogre closely misses you.
Things that are here:
a +0 trident; an orc corpse The sting hits the ogre.
The ogre looks even sicker.
The ogre is severely wounded.
The ogre attacks as you move away!
The ogre hits you with a +0 giant club!!
Ouch! That really hurt!
* * * LOW HITPOINT WARNING * * *
The ogre attacks as you move away! The ogre hits you with a +0 giant club!
You die...

o.. #......# .. ......# ..
####### .....# #'#### .......
....# #.... ....... ...# ##...##
....... ..# #.....#
.......##########.#
###'############...........######
...........)...O@#########.##.~≈~
.#.#.#.#.#.#.#.### #.##.##≈
.......#.......# #.##....
################ #.##.### #.##.#
#.##.# #.##.# #....# ######


You could see an ogre (very poisoned).

Vanquished Creatures
  A hound (D:4)
  8 adders
  A worm (D:2)
  An orc (D:4)
  A bat (D:2)
  4 endoplasms
  3 giant cockroaches
  6 goblins
  4 hobgoblins
  2 kobolds
  3 quokkas (D:1)
  5 ball pythons
  3 frilled lizards (D:1)
  2 rats (D:2)
44 creatures vanquished.

Notes
Turn   | Place    | Note
-------+----------+-------------------------------------------
     0 | D:1      | mopl the Formicid Venom Mage began the quest for the Orb.
     0 | D:1      | Reached XP level 1. HP: 13/13 MP: 3/3
    99 | D:1      | Reached XP level 2. HP: 19/19 MP: 1/5
   619 | D:1      | Reached XP level 3. HP: 24/24 MP: 4/7
   686 | D:1      | Reached skill level 3 in Spellcasting
   922 | D:2      | Reached skill level 5 in Poison Magic
  1100 | D:2      | Reached skill level 2 in Dodging
  1100 | D:2      | Reached XP level 4. HP: 30/31 MP: 4/8
  1119 | D:2      | Learned a level 4 spell: Olgreb's Toxic Radiance
  1250 | D:2      | Reached skill level 1 in Fighting
  1250 | D:2      | Reached skill level 1 in Armour
  1255 | D:2      | Reached XP level 5. HP: 6/37 MP: 2/9
  1259 | D:2      | You fall into a shaft and drop 2 floors!
  1847 | D:4      | Noticed an ogre
  1867 | D:4      | Mangled by an ogre

Illustrated notes

Levels and vault maps discovered:
D:1:      dpeg_arrival_stone_temple_mockup, layout_basic, minmay_split_cup_small
D:2:      layout_loops_cross, nicolae_ecumenical_snake_handling
D:4:      layout_basic, serial_rivers, chequers_serial_rivers_micro_d,
          chequers_serial_rivers_micro_b, chequers_serial_rivers_small_a,
          chequers_serial_rivers_micro_e, chequers_serial_rivers_small_a,
          hangedman_minor_gate_pass

Skill      XL: |  1  2  3  4 |
---------------+-------------+-----
Spellcasting   | 3 |  3.0
Poison Magic   | 5 |  5.9
Dodging        | 2 |  2.4
Fighting       | 1 |  1.6
Armour         | 1 |  1.6
Stealth        | |  2.4
Transmutations | |  1.1

Action                   |  1- 3 |  4- 6 || total
-------------------------+-------+-------++-------
Melee: Unarmed           |     3 |       ||     3
       Dagger            |    41 |    28 ||    69
       Punch             |       |     1 ||     1
 Cast: Sting             |    25 |    10 ||    35
       Olgreb's Toxic Ra |       |     3 ||     3
 Abil: Shaft Self        |       |     1 ||     1
 Stab: Sleeping          |     4 |     1 ||     5
Armor: Robe              |     4 |     8 ||    12
Dodge: Dodged            |    27 |    29 ||    56
